 Dungeon Crawl Stone Soup version 0.31-a0-446-g07c4bd200f (webtiles) character file.

Game seed: 11698441064092490178

221 Ethylacetat the Insei (level 5, -1/29 HPs)
             Began as a Vine Stalker Monk on Aug 3, 2023.
             Slain by an adder (2 damage)
             ... in a sewer.
             The game lasted 00:04:23 (1363 turns).

Ethylacetat the Insei (Vine Stalker Monk)           Turns: 1363, Time: 00:04:25

Health: -1/29      AC:  3    Str: 14    XL:     5   Next: 98%
Magic:  0/10       EV: 10    Int: 10    God:
Gold:   113        SH:  0    Dex: 18    Spells: 9/9 levels left

rFire   . . .        m - +1 whip (elec)
rCold   . . .        c - orb {light}
rNeg    . . .        a - +0 robe
rPois   .            (no helmet)
rElec   .            o - +0 cloak
rCorr   .            (no gloves)
SInv    .            (no boots)
Will    .....        (no amulet)
Stlth   +            (no ring)
HPRegen 1.04/turn    (no ring)
MPRegen 0.12/turn

%: guardian spirit
@: lethally poisoned (-1 -> -2), glowing, constricted
A: fangs 2, regeneration 1, magic shield, antimagic bite, no potion heal 2
a: no special abilities


You were in a sewer.
You visited 1 branch of the dungeon, and saw 3 of its levels.
You also visited: Sewer.

You collected 113 gold pieces.

Inventory:

Hand Weapons
 m - a +1 whip of electrocution (weapon)
Missiles
 k - 4 poisoned darts
Armour
 a - a +0 robe (worn)
 c - an orb of light (worn)
 o - a +0 cloak (worn)
Scrolls
 e - a scroll of noise {unknown}
 g - a scroll of fear {unknown}
 i - 2 scrolls of teleportation {unknown}
 l - 2 scrolls of fog {unknown}
 n - a scroll of brand weapon {unknown}
 r - a scroll of blinking {unknown}
 s - a scroll of identify {unknown}
 t - a scroll of enchant armour {unknown}
Potions
 b - a potion of ambrosia
 d - 3 potions of brilliance {unknown}
 f - a potion of curing {unknown}
 h - a potion of attraction {unknown}
 j - a potion of cancellation {unknown}
 p - a potion of lignification {unknown}
 q - a potion of mutation {unknown}
 u - a potion of berserk rage {unknown}
 v - a potion of enlightenment {unknown}
 w - 3 potions of heal wounds {unknown}


   Skills:
 + Level 4.1 Fighting
 - Level 2.6 Dodging
 + Level 4.3 Unarmed Combat
 + Level 2.7 Spellcasting


You had 9 spell levels left.
You didn't know any spells.
Your spell library contained the following spells:

 Spells                   Type           Power      Damage    Failure   Level
 Apportation              Tloc           2%         N/A       28%         1
 Necrotise                Necr           4%         1d4       28%         1
 Summon Small Mammal      Summ           4%         N/A       28%         1
 Blink                    Tloc           2%         N/A       41%         2
 Lesser Beckoning         Tloc           2%         N/A       41%         2
 Momentum Strike          Conj/Tloc      2%         3d8       41%         2
 Static Discharge         Conj/Air       2%         2-3/arc   41%         2
 Airstrike                Air            0%         2d(1-17)  96%         4
 Summon Lightning Spire   Summ/Air       1%         N/A       96%         4


Dungeon Overview and Level Annotations

Branches:
Dungeon (4/15)              Sewer (1/1)
 Temple: D:4-7

Altars:
Zin


Innate Abilities, Weirdness & Mutations

You have extremely sharp teeth.
Your natural rate of healing is unusually fast.
When hurt, damage is shared between your health and your magic reserves.
Your bite disrupts and absorbs the magic of your enemies.
Potions cannot restore your health.


Message History

The bullfrog is heavily wounded.
The bullfrog hits you. The ball python closely misses you.
The ball python constricts you. The bullfrog misses you.
The adder bites you but does no damage. The bullfrog hits you.
The ball python closely misses you. The ball python constricts you.
* * * LOW HITPOINT WARNING * * *
You hit the bullfrog. Lightning courses through the bullfrog!
You kill the bullfrog!
The adder bites you.
* * * LOW HITPOINT WARNING * * *
You are poisoned.
The adder poisons you! The bullfrog completely misses you.
The ball python barely misses you. The ball python constricts you.
The adder closely misses you.
Your Fighting skill increases to level 4!
You barely miss the bullfrog.
You feel sick. The bullfrog hits you.
* * * LOW HITPOINT WARNING * * *
The ball python closely misses you. The ball python constricts you.
* * * LOW HITPOINT WARNING * * *
The adder barely misses you.
The bullfrog hits you but does no damage.
Unknown command.
You hit the bullfrog. Lightning courses through the bullfrog!
The bullfrog is heavily wounded.
You feel sick. The ball python closely misses you.
The ball python constricts you.
* * * LOW HITPOINT WARNING * * *
The bullfrog hits you.
* * * LOW HITPOINT WARNING * * *
The adder completely misses you.
The ball python bites you but does no damage.
The ball python constricts you. The bullfrog hits you.
* * * LOW HITPOINT WARNING * * *
You hit the bullfrog. You bite the bullfrog. You drain its power.
You feel invigorated.
The bullfrog is almost dead.
You feel sick. The adder closely misses you. The bullfrog hits you!
The ball python closely misses you. The ball python constricts you.
The adder bites you.
You die...

######################
###.#~~≈≈≈≈~~†S≈≈≈≈~....
##...~≈≈~≈≈≈~.@Fl≈~≈≈~...
#....~≈≈~~~~≈~S#~~~~~....
#....~~~~~~≈~≈≈~≈~~~≈....
##....~≈≈≈~~≈≈≈≈≈≈≈~≈~....
#......~≈≈≈≈≈≈≈≈≈≈≈≈≈≈#...
#.††.################## #+
##...#### #....#..#
#....'..#


You could see a bullfrog, an adder, a ball python and a frilled lizard.

Vanquished Creatures
  A bullfrog (Sewer)
  Jessica (D:2)
  5 adders
  2 river rats (Sewer)
  2 dart slugs (D:1)
  3 endoplasms
  5 giant cockroaches
  3 hobgoblins
  5 kobolds
  5 quokkas
  11 ball pythons
  2 bats
  A frilled lizard (D:1)
  24 rats
70 creatures vanquished.

Notes
Turn   | Place    | Note
-------+----------+-------------------------------------------
     0 | D:1      | Ethylacetat the Vine Stalker Monk began the quest for the
                  | Orb.
     0 | D:1      | Reached XP level 1. HP: 11/11 MP: 2/2
    97 | D:1      | Reached XP level 2. HP: 3/16 MP: 1/3
   175 | D:1      | Found a faded altar of an unknown god.
   509 | D:2      | Noticed Jessica
   524 | D:2      | Killed Jessica
   525 | D:2      | Reached skill level 1 in Spellcasting
   525 | D:2      | Reached XP level 3. HP: 2/20 MP: 1/5
   525 | D:2      | HP: 1/20 [kobold/+0 short sword (1)]
   735 | D:2      | Gained mutation: Your natural rate of healing is unusually
                  | fast. [Vine Stalker growth]
   735 | D:2      | Reached XP level 4. HP: 20/24 MP: 5/7
   817 | D:2      | You fall into a shaft and drop 2 floors!
   833 | D:4      | Found a glowing silver altar of Zin.
   932 | D:4      | Found a glowing drain.
   972 | Sewer    | Entered a sewer
  1153 | Sewer    | Reached XP level 5. HP: 25/28 MP: 4/9
  1362 | Sewer    | HP: 1/29 [bullfrog (2)]
  1363 | Sewer    | Slain by an adder

Illustrated notes

Levels and vault maps discovered:
D:1:      dpeg_arrival_erosion, layout_rooms, hellmonk_ecumenical_altar_blasted,
          minmay_misc_feat_alley
D:2:      layout_rooms, chequers_serial_rivers_micro_c, uniq_jessica
D:4:      corexii_shantytown, layout_cave_pools, mainiacjoe_overflow_brackets,
          gup_sewer_entry_pipe, minmay_fractal_squares_diagonal_5
Sewer:    sewer_minmay_w

Skill      XL: |  1  2  3  4  5 |
---------------+----------------+-----
Fighting       | 3 4 |  4.1
Spellcasting   | 1 2 |  2.7
Unarmed Combat | 4 |  4.3
Dodging        | |  2.6

Action                     |  1- 3 |  4- 6 || total
---------------------------+-------+-------++-------
  Melee: Unarmed           |    40 |       ||    40
         Bite              |    14 |    23 ||    37
         Whip              |    17 |    98 ||   115
 Armour: Robe              |     9 |    45 ||    54
  Dodge: Dodged            |    44 |   130 ||   174

Table legend: (Time is in decaauts)
 A = Elapsed time spent in this place.
 B = Non-inter-level travel time spent in this place.
 C = Inter-level travel time spent in this place.
 D = Time resting spent in this place.
 E = Time spent auto-exploring this place.
 F = Levels seen in this place.
 G = Mean time per level.
                   A        B        C        D        E       F      G
               +--------+--------+--------+--------+--------+-----+--------+
         Total |   1417 |   1405 |     12 |      0 |    900 |   4 |  354.2 |
       Dungeon |    984 |    972 |     12 |      0 |    626 |   3 |  328.0 |
         Sewer |    433 |    433 |      0 |      0 |    274 |   1 |  433.0 |
               +--------+--------+--------+--------+--------+-----+--------+

Top non-repeatable levels by time:
     D:1: 504 daAuts
   Sewer: 433 daAuts
     D:2: 311 daAuts
     D:4: 168 daAuts
